 Dungeon Crawl Stone Soup version 0.20.1-1-g8b1a95d (console) character file.

10285 rgaf the Martial Artist (level 11, -10/50 HPs)
             Began as a Vine Stalker Transmuter on Oct 24, 2017.
             Was a High Priest of Okawaru.
             Mangled by a spiny frog (12 damage)
             ... on level 1 of the Lair of Beasts.
             The game lasted 00:29:52 (9344 turns).

rgaf the Martial Artist (Vine Stalker Transmuter)   Turns: 9344, Time: 00:29:53

Health: -10/50     AC:  8    Str: 12    XL:     11   Next: 59%
Magic:  0/23       EV: 12    Int: 16    God:    Okawaru [*****.]
Gold:   571        SH:  0    Dex: 16    Spells: 12/25 levels left

rFire    . . .     SeeInvis .     - Unarmed
rCold    . . .     Gourm    +   (shield currently unavailable)
rNeg     . . .     Faith    .   P - +2 leather armour {rPois}
rPois    +         Spirit   +   M - +2 hat
rElec    .         Reflect  .   u - +0 cloak (curse)
rCorr    +         Harm     .   (gloves currently unavailable)
MR       +....     Clarity  +   (no boots)
Stlth    ++........             I - amulet of the gourmand
Regen    0.6/turn               N - ring of resist corrosion
MPRegen  0.2/turn               l - ring of stealth

@: blade hands
A: fangs 3, horns 1, clarity, regeneration 1, magic shield, antimagic bite, no
potion heal 3, rot immunity
a: End Transformation, Heroism, Finesse, Renounce Religion


You were on level 1 of the Lair of Beasts.
You worshipped Okawaru.
Okawaru was extremely pleased with you.
You were not hungry.
You had blades for hands.
You visited 4 branches of the dungeon, and saw 12 of its levels.
You also visited: Ossuary and Bailey.

You collected 571 gold pieces.

Inventory:

Missiles
 a - 231 arrows
Armour
 b - a +0 robe
 f - a +0 ring mail
 m - a +0 pair of gloves
 p - a scarf of cloud immunity
 u - a cursed +0 cloak (worn)
 v - a +0 pair of gloves (melded)
 M - a +2 hat (worn)
 P - a +2 leather armour of poison resistance (worn)
Jewellery
 j - an uncursed ring of flight
 l - a ring of stealth (right scythe-like blade)
 s - a +5 amulet of reflection {unknown}
 I - an amulet of the gourmand (around neck)
 N - a ring of resist corrosion (left scythe-like blade)
 O - an uncursed ring of ice
Wands
 t - a wand of digging (21/24)
 D - a wand of confusion (16/48)
 H - a wand of disintegration (21/24)
 L - a wand of disintegration (5/24)
Scrolls
 e - 3 scrolls of remove curse
 n - 5 scrolls of teleportation
 x - a scroll of enchant weapon
 y - a scroll of amnesia
 z - a scroll of fear
 K - a scroll of magic mapping
 Q - a scroll of recharging
Potions
 h - a potion of resistance
 k - 6 potions of flight
 o - 7 potions of curing
 q - 4 potions of heal wounds
 r - 2 potions of haste
 A - a potion of might
 B - a potion of cancellation
 F - a potion of agility
 G - a potion of berserk rage
Books
 c - a book of Changes

   Spells                             Type                      Level
   a - Beastly Appendage              Transmutation                1
   b - Sticks to Snakes               Transmutation                2
   c - Spider Form                    Transmutation/Poison         3
   d - Ice Form                       Ice/Transmutation            4
   e - Blade Hands                    Transmutation                5
 J - a Young Poisoner's Handbook

   Spells                             Type                      Level
   a - Sting                          Conjuration/Poison           1
   b - Poisonous Vapours              Poison/Air                   2
   c - Mephitic Cloud                 Conjuration/Poison/Air       3
   d - Olgreb's Toxic Radiance        Poison                       4
   e - Venom Bolt                     Conjuration/Poison           5
Comestibles
 d - 5 bread rations
 g - 8 meat rations
 i - 2 fruits
 C - 5 royal jellies


   Skills:
 + Level 2.1 Fighting
 * Level 2.3 Armour
 + Level 2.4 Dodging
 * Level 11.7 Unarmed Combat
 - Level 7.7 Spellcasting
 - Level 10.8 Transmutations


You had 12 spell levels left.
You knew the following spells:

 Your Spells              Type           Power        Failure   Level  Hunger
a - Beastly Appendage     Tmut           #####.       8%          1    None
b - Spider Form           Tmut/Pois      ###.......   32%         3    ##.....
c - Blade Hands           Tmut           #####.....   32%         5    #####..
d - Ice Form              Ice/Tmut       ###.....     56%         4    ####...


Dungeon Overview and Level Annotations

Branches:
Dungeon (9/15)             Temple (1/1) D:6            Lair (1/6) D:8
    Orc (1/2) D:9

Altars:
Ashenzari
Cheibriados
Dithmenos
Elyvilon
Fedhas
Gozag
Hepliaklqana
Kikubaaqudgha
Makhleb
Nemelex Xobeh
Okawaru
Qazlal
Ru
Sif Muna
Trog
Uskayaw
Vehumet
Xom
Yredelemnul
Zin
The Shining One

Annotations:
Lair:1 Harold


Innate Abilities, Weirdness & Mutations

You have razor-sharp teeth.
Your natural rate of healing is unusually fast.
When hurt, damage is shared between your health and your magic reserves.
Your bite disrupts and absorbs the magic of your enemies.
Potions cannot restore your health.
You are immune to rotting.
You have a pair of small horns on your head.
You possess an exceptional clarity of mind.


Message History

Confirm with . or Enter, or press ? or * to list all spells.
Your hands turn into razor-sharp scythe blades.
Your +0 pair of gloves melds into your body.
The spiny frog stings you.
* * * LOW HITPOINT WARNING * * *
Harold hits you but does no damage. The spiny frog stings you!
* * * LOW HITPOINT WARNING * * *
You barely miss Harold. You bite Harold, but do no damage.
The spiny frog barely misses you. Harold hits you with a hand axe.
* * * LOW HITPOINT WARNING * * *
You slice Harold!! You headbutt Harold.
Harold is moderately wounded.
You slash Harold! You headbutt Harold. You bite Harold.
Harold's magic leaks into the air.
You drain his magic.
You feel invigorated.
Harold is heavily wounded.
The spiny frog stings you.
* * * LOW HITPOINT WARNING * * *
Harold falters for a moment.
You slash Harold! You bite Harold.
Harold's magic leaks into the air.
You drain his magic.
You feel invigorated.
Harold is heavily wounded.
The spiny frog stings you!
You die...

#P##########
.†.......... ###P.##.>.#
####.# #..# #P#..###..#
##### .....# $..# ...
.....# #..# ... ##.###
#..# #.# #..# #..# #.# #
#
##.#####..####.###.#....
................@F.$...#
.................@.....#
...................t...#
........................
........................
...........##.#.#.#+#...
...........#........ ...
.####......#........ ..
#.## ...# ...#


You could see Harold, a spiny frog and a crocodile.

Vanquished Creatures
  Fannar (Lair:1)
  A two-headed ogre (D:8)
  The ghost of Phobetor the Fighter, a novice OpFi of Dithmenos (D:8)
  Pikel (D:9)
  The ghost of antares the Ruffian, a novice DrTm of Elyvilon (D:6)
  Maurice (Orc:1)
  A komodo dragon (Lair:1)
  5 blink frogs (Lair:1)
  2 hippogriffs (D:8)
  2 yaks (D:8)
  2 hogs (D:8)
  A human (D:8)
  The ghost of antares the Ruffian, an amateur DrTm (D:3)
  A hungry ghost (D:7)
  2 water moccasins
  A porcupine (Lair:1)
  2 orc warriors (D:9)
  A sky beast (D:8)
  Duvessa (D:7)
  A hornet zombie (D:6)
  A swamp drake (Orc:1)
  3 phantoms
  A necrophage (D:9)
  3 ice beasts
  An ogre (D:7)
  4 centaurs
  6 bullfrogs
  Dowan (D:7)
  A wyvern skeleton (D:9)
  2 scorpions
  3 killer bees (D:9)
  5 crimson imps
  A quasit (D:9)
  A human zombie (Ossuary)
  10 orc priests
  2 centaur zombies
  7 hounds
  3 jellies
  2 centaur skeletons (D:4)
  5 orc wizards
  2 bullfrog skeletons (D:7)
  Ijyb (D:5)
  4 iguanas
  Crazy Yiuf (D:6)
  6 worker ants
  A hound skeleton (D:3)
  5 mummies
  A worker ant zombie (D:5)
  A howler monkey zombie (D:8)
  6 gnolls
  13 adders
  3 shadow imps
  3 oozes
  2 adder skeletons
  7 adder zombies
  2 worms
  2 dart slugs
  5 leopard geckos
  32 orcs
  10 bats
  5 giant cockroaches
  14 goblins
  8 hobgoblins
  16 jackals
  11 kobolds
  A quokka (D:8)
  6 ball pythons
  7 frilled lizards
  6 goblin zombies (Ossuary)
  A kobold zombie (Ossuary)
  2 quokka skeletons
  A quokka zombie (Ossuary)
  3 rats
  3 rat zombies (Ossuary)
282 creatures vanquished.

Vanquished Creatures (others)
  A slave (D:9)
  A bullfrog (D:9)
  An iguana (D:9)
  An orc (D:9)
  A jackal skeleton (D:9)
  4 fungi (D:8)
  A plant (D:8)
10 creatures vanquished.

Grand Total: 292 creatures vanquished

Notes
Turn   | Place    | Note
-------+----------+-------------------------------------------
     0 | D:1      | rgaf the Vine Stalker Transmuter began the quest for the Orb.
     0 | D:1      | Reached XP level 1. HP: 9/9 MP: 4/4
   160 | D:1      | Reached XP level 2. HP: 5/14 MP: 4/6
   570 | D:1      | Reached skill level 4 in Unarmed Combat
   596 | D:1      | Reached XP level 3. HP: 17/17 MP: 7/7
  1254 | D:2      | Gained mutation: Your natural rate of healing is unusually fast. [Vine Stalker growth]
  1254 | D:2      | Reached XP level 4. HP: 12/21 MP: 5/8
  1286 | D:2      | Found a radiant altar of Vehumet.
  1454 | D:2      | Found a stormy altar of Qazlal.
  1456 | D:2      | Noticed an earth elemental
  1457 | D:2      | Noticed a water elemental
  1457 | D:2      | Noticed an air elemental
  1457 | D:2      | Noticed a fire elemental
  1691 | D:3      | Reached skill level 5 in Unarmed Combat
  1918 | D:3      | Noticed antares's ghost (amateur DrTm)
  2003 | D:3      | Killed antares's ghost
  2003 | D:3      | Reached skill level 6 in Unarmed Combat
  2003 | D:3      | Reached XP level 5. HP: 20/25 MP: 6/9
  2003 | D:3      | Reached XP level 6. HP: 24/29 MP: 6/10
  2130 | D:3      | Learned a level 3 spell: Spider Form
  2136 | D:3      | Learned a level 5 spell: Blade Hands
  2208 | D:3      | Reached skill level 7 in Unarmed Combat
  2425 | D:3      | Reached XP level 7. HP: 19/32 MP: 7/11
  2628 | D:3      | Reached skill level 8 in Unarmed Combat
  2934 | D:4      | Found a sand-covered staircase.
  2941 | Ossuary  | Entered an ossuary
  3748 | D:4      | Gained mutation: You have razor-sharp teeth. [Vine Stalker growth]
  3748 | D:4      | Reached XP level 8. HP: 29/37 MP: 10/13
  3899 | D:4      | HP: 2/55 [poisoned by a gnoll]
  3900 | D:4      | Gained mutation: You possess an exceptional clarity of mind. [potion of mutation]
  3900 | D:4      | Gained mutation: You have a pair of small horns on your head. [potion of mutation]
  4121 | D:5      | Entered Level 5 of the Dungeon
  4127 | D:5      | Reached skill level 9 in Unarmed Combat
  4384 | D:5      | Found a snail-covered altar of Cheibriados.
  4496 | D:5      | Noticed Ijyb
  4503 | D:5      | Killed Ijyb
  4819 | D:5      | Reached skill level 5 in Transmutations
  4991 | D:6      | Reached XP level 9. HP: 7/40 MP: 10/16
  5073 | D:6      | Found a runed door.
  5135 | D:6      | Noticed antares's ghost (novice DrTm)
  5401 | D:6      | Killed antares's ghost
  5440 | D:6      | Found a staircase to the Ecumenical Temple.
  5540 | D:6      | Noticed Crazy Yiuf
  5544 | D:6      | Killed Crazy Yiuf
  5594 | Temple   | Entered the Ecumenical Temple
  5785 | Temple   | Became a worshipper of Warmaster Okawaru
  5877 | D:7      | Reached skill level 5 in Spellcasting
  5975 | D:7      | Noticed Dowan
  5975 | D:7      | Noticed Duvessa
  5985 | D:7      | Killed Duvessa
  5985 | D:7      | Reached skill level 10 in Unarmed Combat
  5991 | D:7      | Killed Dowan
  5991 | D:7      | Reached * piety under Okawaru
  6139 | D:7      | Found a flagged portal.
  6157 | Bailey   | Entered a bailey
  6157 | Bailey   | Noticed Dasmos's ghost (novice DsMo)
  6505 | D:8      | Noticed a two-headed ogre
  6506 | D:8      | Noticed Phobetor's ghost (novice OpFi)
  6663 | D:8      | Reached XP level 10. HP: 35/44 MP: 13/19
  6736 | D:8      | Found a sacrificial altar of Ru.
  6769 | D:8      | Reached ** piety under Okawaru
  6947 | D:8      | Killed a two-headed ogre
  6947 | D:8      | Reached *** piety under Okawaru
  7138 | D:8      | Found a staircase to the Lair.
  7150 | D:8      | Killed Phobetor's ghost
  7218 | Lair:1   | Entered Level 1 of the Lair of Beasts
  7343 | D:9      | Reached skill level 11 in Unarmed Combat
  7418 | D:9      | Reached **** piety under Okawaru
  7418 | D:9      | Reached skill level 10 in Transmutations
  7610 | D:9      | Noticed Pikel
  7630 | D:9      | Killed Pikel
  7630 | D:9      | Reached XP level 11. HP: 27/48 MP: 9/23
  7772 | D:9      | Found a staircase to the Orcish Mines.
  7881 | D:9      | Reached ***** piety under Okawaru
  8204 | Orc:1    | Entered Level 1 of the Orcish Mines
  8210 | Orc:1    | Noticed Maurice
  8224 | Orc:1    | Killed Maurice
  8604 | Lair:1   | Reached skill level 1 in Fighting
  8617 | Lair:1   | Reached skill level 1 in Armour
  8754 | Lair:1   | Noticed Fannar
  8884 | Lair:1   | Killed Fannar
  9155 | Lair:1   | Learned a level 4 spell: Ice Form
  9326 | Lair:1   | Noticed Harold
  9343 | Lair:1   | HP: 1/50 [spiny frog (2)]
  9344 | Lair:1   | Mangled by a spiny frog

Skill      XL: |  1  2  3  4  5  6  7  8  9 10 11 |
---------------+----------------------------------+-----
Unarmed Combat | 4 6 7 8 9 10 11 | 11.7
Transmutations | 5 8 10 | 10.8
Spellcasting   | 4 5 7 |  7.7
Fighting       | 2 |  2.1
Armour         | 2 |  2.3
Dodging        | 2 |  2.4

Action                   |  1- 3 |  4- 6 |  7- 9 | 10-12 || total
-------------------------+-------+-------+-------+-------++-------
Melee: Unarmed           |   139 |   167 |   450 |   266 ||  1022
       Bite              |    27 |    41 |   118 |    65 ||   251
       Punch             |     2 |     4 |    21 |    10 ||    37
       Headbutt          |       |       |    42 |    44 ||    86
 Cast: Blade Hands       |       |       |     3 |    13 ||    16
       Ice Form          |       |       |       |     2 ||     2
 Abil: End Transformatio |       |       |       |     1 ||     1
  Use: Scroll            |       |     9 |     6 |    11 ||    26
       Potion            |       |       |     9 |     1 ||    10
 Stab: Sleeping          |       |       |     9 |     1 ||    10
  Eat: Chunk             |     1 |     4 |     9 |    12 ||    26
       Royal jelly       |       |       |     1 |       ||     1
       Meat ration       |       |       |     1 |       ||     1
       Bread ration      |       |       |       |     1 ||     1
Armor: Ring mail         |    70 |    50 |   117 |    78 ||   315
       Robe              |     3 |       |       |       ||     3
       Skin              |       |       |    10 |     1 ||    11
       Leather armour    |       |       |       |     7 ||     7
Dodge: Dodged            |    86 |    67 |   191 |   113 ||   457
